 Dungeon Crawl Stone Soup version 0.23.1 (webtiles) character file.

Game seed: 11885328969944566504

9 tdavidsm the Magician (level 2, -3/13 HPs)
             Began as a Tengu Wizard on Mar 1, 2019.
             Was an Initiate of Hepliaklqana.
             Slain by a worm (4 damage)
             ... on level 2 of the Dungeon.
             The game lasted 00:09:54 (899 turns).

tdavidsm the Magician (Tengu Wizard)                 Turns: 899, Time: 00:09:55

Health: -3/13      AC:  6    Str:  7    XL:     2   Next: 12%
Magic:  5/7        EV: 10    Int: 18    God:    Hepliaklqana [......]
Gold:   33         SH:  0    Dex: 12    Spells: 4/7 levels left

rFire    . . .     SeeInvis .   g - +2 short sword (venom)
rCold    . . .     Gourm    .   (no shield)
rNeg     . . .     Faith    .   l - +0 ring mail
rPois    .         Spirit   .   b - +0 hat
rElec    .         Reflect  .   f - +0 cloak
rCorr    .         Harm     .   (no gloves)
MR       .....                  (boots unavailable)
Stlth    ..........             e - amulet of the acrobat
HPRegen  0.04/turn              o - ring of attention (curse)
MPRegen  0.10/turn              (no ring)

@: no status effects
A: reduced essence, beak, talons 3
a: Recall Ancestor, Ancestor Identity, Renounce Religion


You were on level 2 of the Dungeon.
You worshipped Hepliaklqana.
Hepliaklqana was noncommittal.
You were not hungry.

You visited 1 branch of the dungeon, and saw 2 of its levels.

You collected 33 gold pieces.

Inventory:

Hand Weapons
 g - a +2 short sword of venom (weapon)
 j - a +0 vampiric whip
 m - a +0 hand axe
Missiles
 h - 13 bolts
 i - 95 stones (quivered)
Armour
 a - a +0 robe
 b - a +0 hat (worn)
 f - a +0 cloak (worn)
 l - a +0 ring mail (worn)
Jewellery
 e - an amulet of the acrobat (around neck)
 o - a cursed ring of attention (left hand)
Potions
 c - a potion of might
 k - a potion of ambrosia {unknown}
 n - a potion of cancellation {unknown}
 p - a potion of heal wounds {unknown}
Comestibles
 d - 3 rations


   Skills:
 + Level 0.1 Throwing
 + Level 2.5 Dodging
 + Level 2.0 Stealth
 + Level 3.2 Spellcasting
 + Level 1.3 Conjurations
 + Level 1.2 Summonings
   Level 0.7 Translocations


You had 4 spell levels left.
You knew the following spells:

 Your Spells              Type           Power        Failure   Level  Hunger
a - Magic Dart            Conj           #...         32%         1    None
b - Call Imp              Summ           #.......     45%         2    ##.....

Your spell library contained the following spells:

 Spells                   Type           Power        Failure   Level  Hunger
 Blink                    Tloc           N/A          54%         2    ##.....
 Slow                     Hex            #.......     65%         2    ##.....
 Conjure Flame            Conj/Fire      #.......     77%         3    ###....
 Mephitic Cloud           Conj/Pois/Air  #.......     80%         3    ###....


Dungeon Overview and Level Annotations

Branches:
Dungeon (2/15)

Altars:
Hepliaklqana
Xom


Innate Abilities, Weirdness & Mutations

You have a beak for a mouth.
You have claws for feet.
Your life essence is reduced to manifest your ancestor. (-10% HP)


Message History

The magic dart hits the worm.
The worm is moderately wounded.
The worm bites Tochtli!
Tochtli is destroyed!
The worm completely misses you.
You barely miss the worm. You claw the worm.
You peck the worm, but do no damage.
The worm is heavily wounded.
The worm bites you.
You barely miss the worm.
The worm is heavily wounded.
You hit the worm.
The worm is poisoned.
The worm is heavily wounded.
The worm bites you!
Ouch! That really hurt!
* * * LOW HITPOINT WARNING * * *
You hit the worm.
The worm is almost dead.
The worm bites you.
You die...

### #.. #.#
#.# #.# .
####.##[# .
##.@w....# . .
#...######....
. #.........#
. #..##.#####
##....# ..
#.#### .# #.#
#.# #.# #.#
#.# #.#


You could see a worm.

Vanquished Creatures
  A leopard gecko (D:1)
  2 giant cockroaches (D:1)
  2 bats (D:1)
  A kobold (D:1)
  2 rats (D:1)
8 creatures vanquished.

Vanquished Creatures (collateral kills)
  A rat (D:2)
1 creature vanquished.

Vanquished Creatures (others)
  An ancestor (D:2)
1 creature vanquished.

Grand Total: 10 creatures vanquished

Notes
Turn   | Place    | Note
-------+----------+-------------------------------------------
     0 | D:1      | tdavidsm the Tengu Wizard began the quest for the Orb.
     0 | D:1      | Reached XP level 1. HP: 10/10 MP: 5/5
   418 | D:1      | Reached XP level 2. HP: 15/15 MP: 2/7
   422 | D:1      | Learned a level 2 spell: Call Imp
   497 | D:2      | Found a shimmering altar of Xom.
   499 | D:2      | Found a hazy altar of Hepliaklqana.
   499 | D:2      | Noticed a caustic shrike
   500 | D:2      | Noticed a caustic shrike
   500 | D:2      | Noticed a spectral ugly thing
   504 | D:2      | Became a worshipper of Hepliaklqana the Forgotten
   899 | D:2      | Slain by a worm

Action                   || total
-------------------------++-------
Melee: Hand axe          ||     4
       Kick              ||     3
       Unarmed           ||     2
       Short sword       ||     5
       Peck              ||     1
Throw: Stone             ||    33
 Cast: Magic Dart        ||    16
  Use: Scroll            ||     3
Armor: Robe              ||    16
Dodge: Dodged            ||    35
